 Dungeon Crawl Stone Soup version 0.29.1-12-g30fa7ad0bf (webtiles) character file.

Game seed: 11996989944929702680

49 GeoRichter the Shooter (level 3, -1/26 HPs)
             Began as a Demonspawn Arcane Marksman on Dec 20, 2022.
             Slain by a worm (8 damage)
             ... on level 2 of the Dungeon.
             The game lasted 00:02:39 (1071 turns).

GeoRichter the Shooter (Demonspawn Arcane Marksman) Turns: 1071, Time: 00:02:40

Health: -1/26      AC:  2    Str: 10    XL:     3   Next: 53%
Magic:  4/4        EV: 12    Int: 16    God:
Gold:   71         SH:  0    Dex: 13    Spells: 3/4 levels left

rFire   . . .      SeeInvis .   a - +1 sling
rCold   . . .      Faith    .   (no shield)
rNeg    . . .      Spirit   .   c - +0 robe
rPois   .          Reflect  .   (no helmet)
rElec   .          Harm     .   (no cloak)
rCorr   .          Rampage  .   (no gloves)
Will    .....                   (no boots)
Stlth   +.........              i - amulet of magic regeneration
HPRegen 0.08/turn               (no ring)
MPRegen 0.49/turn               (no ring)

@: no status effects
A: claws 1, ignite blood 1
a: no special abilities


You were on level 2 of the Dungeon.
You visited 1 branch of the dungeon, and saw 2 of its levels.

You collected 71 gold pieces.

Inventory:

Hand Weapons
 a - a +1 sling (weapon)
Armour
 c - a +0 robe (worn)
Jewellery
 i - an amulet of magic regeneration (around neck)
   (You found it on level 2 of the Dungeon)
Scrolls
 b - 3 scrolls of poison {!r}
 d - a scroll of fear {unknown}
 e - 4 scrolls of identify {unknown}
 g - a scroll of immolation {unknown}
Potions
 f - a potion of degeneration {unknown}
 h - a potion of attraction {unknown}


   Skills:
 - Level 1.0 Fighting
 * Level 3.6 Ranged Weapons
 - Level 1.7 Dodging
 - Level 1.0 Spellcasting
 - Level 3.0 Hexes


You had 3 spell levels left.
You knew the following spells:

 Your Spells              Type           Power      Damage    Failure   Level
a - Slow                  Hex            40%        N/A       7%          1

Your spell library contained the following spells:

 Spells                   Type           Power      Damage    Failure   Level
 Inner Flame              Hex/Fire       5%         N/A       36%         3
 Portal Projectile        Hex/Tloc       10%        N/A       36%         3
 Ozocubu's Armour         Ice            0%         N/A       56%         3
 Cause Fear               Hex            5%         N/A       54%         4
 Metabolic Englaciation   Hex/Ice        2%         N/A       98%         5
 Simulacrum               Ice/Necr       0%         N/A       100%        6


Dungeon Overview and Level Annotations

Branches:
Dungeon (2/15) Zot: 10903

Altars:


Innate Abilities, Weirdness & Mutations

You have sharp fingernails.
Your demonic aura sometimes causes spilled blood to erupt in flames.


Message History

Found 4 gold pieces.
You now have 61 gold pieces (gained 4).
A kobold comes into view. It is wielding a +0 dagger.
Found 2 scrolls labelled COWUAM HEROAP.
The kobold shouts!
You hear an angry hiss.
A kobold is nearby!
A kobold is nearby!
You shoot a sling bullet.
The sling bullet closely misses the kobold.
An endoplasm comes into view.
You shoot a sling bullet. The sling bullet hits the kobold.
You kill the kobold!
You shoot a sling bullet. The sling bullet hits the endoplasm!
You kill the endoplasm!
No target in view!
No target in view!
No target in view!
No target in view!
You now have 71 gold pieces (gained 10).
An adder comes into view.
You shoot a sling bullet. The sling bullet misses the adder.
The adder hisses angrily.
You shoot a sling bullet.
The sling bullet barely misses the adder.
You shoot a sling bullet.
The sling bullet barely misses the adder.
The adder barely misses you.
You shoot a sling bullet. The sling bullet hits the adder.
The adder bites you. The adder misses you.
You shoot a sling bullet. The sling bullet hits the adder!
The adder is engulfed in blazing flames.
You kill the adder!
A worm comes into view.
You shoot a sling bullet.
The sling bullet barely misses the worm.
You shoot a sling bullet.
The sling bullet barely misses the worm.
You shoot a sling bullet. The sling bullet hits the worm.
You shoot a sling bullet.
The sling bullet hits the worm but does no damage.
The worm bites you.
You shoot a sling bullet.
The sling bullet barely misses the worm.
The worm bites you!
You shoot a sling bullet. The sling bullet hits the worm.
You shoot a sling bullet. The sling bullet hits the worm.
The worm bites you!
* * * LOW HITPOINT WARNING * * *
Okay, then.
The worm bites you!
You die...

... #...........
#.######.###.....###.##
#......#.#......)....#
#.#.#.#.....###.#
.######.#.............#
.........##.###.#####.#
.######..##.# #.# #.#
#..##.###.. #.#
#@.#...###.# #.##
#°w..#. .# #...
##.#...# #.## #.##)##
#.# ..# .# #.# ## ? ..#
. ###


You could see a worm.

Vanquished Creatures
  2 adders (D:2)
  A dart slug (D:2)
  2 endoplasms
  2 giant cockroaches
  4 goblins (D:1)
  A hobgoblin (D:1)
  2 ball pythons (D:1)
  5 bats
  2 frilled lizards (D:1)
  3 kobolds
  10 rats
34 creatures vanquished.

Notes
Turn   | Place    | Note
-------+----------+-------------------------------------------
     0 | D:1      | GeoRichter the Demonspawn Arcane Marksman began the quest
                  | for the Orb.
     0 | D:1      | Reached XP level 1. HP: 15/15 MP: 2/2
     9 | D:1      | Found a faded altar of an unknown god.
   183 | D:1      | Gained mutation: Your demonic aura sometimes causes spilled
                  | blood to erupt in flames. [demonic ancestry]
   183 | D:1      | Reached XP level 2. HP: 21/21 MP: 3/3
   836 | D:2      | Gained mutation: You have sharp fingernails. [demonic
                  | ancestry]
   836 | D:2      | Reached XP level 3. HP: 14/26 MP: 4/4
  1071 | D:2      | Slain by a worm

Illustrated notes

Levels and vault maps discovered:
D:1:      wander_arrival_lonely_grave, layout_rooms,
          chequers_ecumenical_altar_simple_redux, chequers_serial_rivers_room_a,
          patterned_corridor
D:2:      minmay_spotlight, layout_loops_ring

Skill      XL: |  1  2 |
---------------+-------+-----
Ranged Weapons | 2 3 |  3.6
Fighting       | |  1.0
Dodging        | |  1.7
Spellcasting   | |  1.0
Hexes          | |  3.0

Action                   || total
-------------------------++-------
 Fire: Sling             ||    98
 Cast: Slow              ||     3
Armor: Robe              ||     6
Dodge: Dodged            ||    38
